 Dungeon Crawl Stone Soup version 0.31.0-4-g52a2dc7128 (webtiles) character file.

Game seed: 1940634225882573613

35 ymhsbmbesitwf the Trooper (level 3, 0/33 HPs)
             Began as a Minotaur Fighter on Jan 21, 2024.
             Slain by an adder (1 damage)
             ... on level 2 of the Dungeon.
             The game lasted 00:01:25 (662 turns).

ymhsbmbesitwf the Trooper (Minotaur Fighter)         Turns: 662, Time: 00:01:25

Health: 0/33       AC:  7    Str: 22    XL:     3   Next: 16%
Magic:  2/2        EV:  9    Int:  5    God:
Gold:   49         SH:  4    Dex:  9    Spells: 2/2 levels left

rFire   . . .        a - +0 war axe
rCold   . . .        c - +0 buckler
rNeg    . . .        b - +0 scale mail
rPois   .            (helmet restricted)
rElec   .            (no cloak)
rCorr   .            (no gloves)
SInv    .            (no boots)
Will    .....        (no amulet) Stlth
                     (no ring)
HPRegen 0.25/turn    (no ring)
MPRegen 0.08/turn

%: no passive effects
@: no status effects
A: horns 2, retaliatory headbutt
a: no special abilities


You were on level 2 of the Dungeon.
You visited 1 branch of the dungeon, and saw 2 of its levels.

You collected 49 gold pieces.

Inventory:

Hand Weapons
 a - a +0 war axe (weapon)
 g - a +0 flail
Armour
 b - a +0 scale mail (worn)
 c - a +0 buckler (worn)
Potions
 d - a potion of might
 e - a potion of mutation {unknown}
 f - a potion of enlightenment {unknown}
 h - a potion of attraction {unknown}


   Skills:
 * Level 4.2 Fighting
 * Level 3.0 Axes
 + Level 3.9 Armour
 + Level 1.1 Dodging
 + Level 3.8 Shields


You had 2 spell levels left.
You didn't know any spells.
Your spell library was empty.

Dungeon Overview and Level Annotations

Branches:
Dungeon (1/15)

Altars:
Wu Jian


Innate Abilities, Weirdness & Mutations

You have a pair of horns on your head.
You reflexively headbutt those who attack you in melee.


Message History

The ribbon worm is moderately wounded.
You hit the rat.
You kill the rat!
You hit the adder but do no damage. The adder bites you.
You are poisoned.
The adder poisons you! The ribbon worm bites you.
The adder bites you but does no damage.
You hit the ribbon worm.
The ribbon worm is severely wounded.
You slash the ribbon worm! You barely miss the kobold. You slash the adder!
You feel sick. The kobold misses you. You furiously retaliate!
You headbutt the kobold!
You kill the kobold!
You block the ribbon worm's attack. The adder bites you but does no damage.
The ribbon worm bites you but does no damage.
The goblin hits you with a +0 club.
The ribbon worm expels a string of sticky webbing.
The stream of webbing hits you but does no damage.
You are caught in a web!
The adder bites you but does no damage.
You struggle to detach yourself from the web.
You feel sick. The ribbon worm barely misses you.
The adder bites you but does no damage. The goblin hits you with a +0 club.
Unknown command.
The web tears apart.
You feel sick.
You are no longer poisoned.
The ribbon worm bites you.
* * * LOW HITPOINT WARNING * * *
The adder bites you but does no damage. The ribbon worm bites you.
* * * LOW HITPOINT WARNING * * *
The goblin hits you but does no damage.
You slash the ribbon worm!
You kill the ribbon worm!
You hit the ribbon worm. You hit the goblin.
You kill the goblin!
You miss the adder. The adder bites you.
* * * LOW HITPOINT WARNING * * *
The ribbon worm bites you.
* * * LOW HITPOINT WARNING * * *
The adder bites you.
You die...

#.......#####
#.#..†..######
.####............#
.........#.^.....#
..##.#.##........ #
#.#.##........ #..
. #.##......)
###..###.#..w.#####
...........@>......
.........#S.)..####
................#
.................#
!...........$....#
#................#
#.....>............
#..>...............
.................


You could see a ribbon worm (catching breath) and an adder.

Vanquished Creatures
  A gnoll (D:1)
  A ribbon worm (D:2)
  2 ball pythons (D:1)
  2 bats
  3 endoplasms (D:1)
  A giant cockroach (D:1)
  4 goblins
  4 hobgoblins (D:1)
  2 kobolds
  2 frilled lizards (D:1)
  A rat (D:2)
23 creatures vanquished.

Notes
Turn   | Place    | Note
-------+----------+-------------------------------------------
     0 | D:1      | ymhsbmbesitwf the Minotaur Fighter began the quest for the
                  | Orb.
     0 | D:1      | Reached XP level 1. HP: 19/19 MP: 0/0
   115 | D:1      | Reached XP level 2. HP: 8/27 MP: 1/1
   315 | D:1      | Reached skill level 4 in Fighting
   416 | D:1      | Reached skill level 1 in Dodging
   423 | D:1      | Reached XP level 3. HP: 6/33 MP: 2/2
   625 | D:1      | You fall into a shaft and drop 1 floor!
   625 | D:2      | Found an ornate altar of the Wu Jian Council.
   662 | D:2      | HP: 1/33 [ribbon worm (2)]
   662 | D:2      | Slain by an adder

Illustrated notes

Levels and vault maps discovered:
D:1:      roadster_arrival_rocket_small, layout_basic, serial_shops,
          nicolae_shop_pleasant_corner_grove
D:2:      layout_rooms, basic_altar, serial_shops, shop

Skill      XL: |  1  2 |
---------------+-------+-----
Fighting       | 4 |  4.2
Dodging        | 1 |  1.1
Axes           | 3 |  3.0
Armour         | |  3.9
Shields        | |  3.8

Action                     || total
---------------------------++-------
  Melee: War axe           ||    47
         Headbutt          ||     5
 Armour: Scale mail        ||    39
  Dodge: Dodged            ||    25
  Block: Buckler           ||     7
